 Dungeon Crawl Stone Soup version 0.29.0-11-gd7f09526c8 (webtiles) character file.

Game seed: 844617552582681674

406 Pomfy the Covered (level 6, -2/39 HPs)
             Began as a Gargoyle Fighter on Sept 7, 2022.
             Was a Believer of Makhleb.
             Slain by a black bear (5 damage)
             ... on level 6 of the Dungeon.
             The game lasted 00:35:03 (2987 turns).

Pomfy the Covered (Gargoyle Fighter)                Turns: 2987, Time: 00:35:04

Health: -2/39      AC: 16    Str: 21    XL:     6   Next: 87%
Magic:  6/6        EV:  8    Int:  9    God:    Makhleb [**....]
Gold:   216        SH:  0    Dex:  9    Spells: 5/5 levels left

rFire   . . .      SeeInvis .   i - +1 great sword (freeze)
rCold   . . .      Faith    .   (shield currently unavailable)
rNeg    + . .      Spirit   .   m - +0 chain mail
rPois   ∞          Reflect  .   n - +0 helmet
rElec   +          Harm     .   (no cloak)
rCorr   .          Rampage  .   p - +0 pair of gloves
Will    +....                   (no boots)
Stlth   ..........              (no amulet)
HPRegen 0.13/turn               t - ring of willpower
MPRegen 0.10/turn               (no ring)

@: flying
A: sickness immunity, AC +4, negative energy resistance 1, electricity
resistance, torment resistance 1, petrification resistance
a: Renounce Religion, Minor Destruction


You were on level 6 of the Dungeon.
You worshipped Makhleb.
Makhleb was pleased with you.
You visited 1 branch of the dungeon, and saw 6 of its levels.

You collected 216 gold pieces.

Inventory:

Hand Weapons
 a - a +0 flail
 i - a +1 great sword of freezing (weapon)
 l - a +1 dagger of speed
 y - a +1 short sword of venom
Missiles
 h - 25 stones (quivered)
 x - 7 poisoned darts
 B - a curare-tipped dart
Armour
 c - a +0 buckler
 m - a +0 chain mail (worn)
 n - a +0 helmet (worn)
 p - a +0 pair of gloves (worn)
 w - a +0 troll leather armour {Pargi}
Magical Staves
 A - a staff of fire
Jewellery
 t - a ring of willpower (left hand)
Wands
 z - a wand of charming (9)
Scrolls
 b - a scroll of fear {unknown}
 e - a scroll of magic mapping {unknown}
 f - 2 scrolls of identify {unknown}
 k - 2 scrolls of enchant armour {unknown}
 q - 2 scrolls of fog {unknown}
 r - a scroll of silence {unknown}
 s - 2 scrolls of teleportation {unknown}
 u - a scroll of amnesia {unknown}
Potions
 d - a potion of might
 g - a potion of haste {unknown}
 j - 2 potions of lignification {unknown}
 o - 3 potions of curing {unknown}
 v - a potion of invisibility {unknown}


   Skills:
 + Level 4.3 Fighting
 + Level 4.1 Long Blades
 + Level 2.5 Maces & Flails
 + Level 4.5 Armour
 + Level 0.7 Dodging
 + Level 0.7 Stealth
 + Level 3.7 Shields


You had 5 spell levels left.
You didn't know any spells.
Your spell library contained the following spells:

 Spells                   Type           Power      Damage    Failure   Level
 Sandblast                Erth           0%         2d4       98%         1
 Passwall                 Tmut/Erth      0%         N/A       99%         2
 Stone Arrow              Conj/Erth      0%         3d7       100%        3


Dungeon Overview and Level Annotations

Branches:
Dungeon (6/15)
 Temple: D:4-7

Altars:
Kikubaaqudgha
Makhleb
Nemelex Xobeh

Annotations:
D:3 2 transporters, greasedhog's ghost, amateur MeBe


Innate Abilities, Weirdness & Mutations

You are immune to sickness and miasma.
Your stone body is resilient. (AC +4)
You are immune to poison.
You resist negative energy. (rN+)
You are resistant to electric shocks. (rElec)
You are resistant to unholy torment.
You are immune to petrification.


Message History

You kill the orc!
Makhleb accepts your kill.
You feel better.
The black bear bites you but does no damage.
The black bear claws you but does no damage. x2
The orc priest casts a cantrip, but nothing happens.
The black bear bites you but does no damage.
The black bear barely misses you.
The black bear claws you but does no damage.
The orc priest begins to cast a cantrip, but forgets the words!
You slash the black bear! You freeze the black bear.
The black bear is severely wounded.
The black bear closely misses you.
The black bear claws you but does no damage.
The black bear closely misses you.
You slash the black bear! You freeze the black bear.
The black bear is almost dead.
The black bear goes berserk!
The orc priest invokes the aid of Beogh against you.
Beogh smites you!
* * * LOW HITPOINT WARNING * * *
The black bear bites you but does no damage.
The black bear claws you.
* * * LOW HITPOINT WARNING * * *
The black bear claws you but does no damage.
It was a potion of flight.
You feel very buoyant.
You fly up into the air.
The black bear bites you.
* * * LOW HITPOINT WARNING * * *
The black bear claws you but does no damage. x2
The black bear rages.
The black bear bites you but does no damage.
The black bear claws you but does no damage. x2
You see here a +0 ring mail.
You barely miss the black bear.
The black bear is almost dead.
The black bear bites you but does no damage.
The black bear claws you but does no damage. x2
The black bear bites you.
You die...

#.#.# #..# #.#.## #. #..#
###.#..####.##. #..#
............##. #..#
.##.##>#######.# #<.# .
#)##.# .. ##..# . #o##.#
#. ##...## . #.##.#
#.##.....# o #)##.#
#.@hh....# .##o##h#
####o....# #.h.##o#
##...## .#####.# #.#.# .#
#.# #.#.######## .# #.#
#h#........# .#
#.############.#.######.#
## #......ho.........##
#.#
##############.#.#.####.#


You could see 2 black bears and an orc priest.

Vanquished Creatures
  Pargi (D:3)
  An ice beast (D:6)
  A kobold brigand (D:6)
  Ijyb (D:5)
  An iguana (D:6)
  An orc wizard (D:5)
  A shadow imp (D:6)
  2 worms
  A dart slug (D:1)
  5 orcs
  7 bats
  7 endoplasms
  2 giant cockroaches
  2 goblins
  7 hobgoblins
  4 jackals (D:1)
  8 kobolds
  2 quokkas
  5 ball pythons
  A frilled lizard (D:2)
  3 rats
63 creatures vanquished.

Notes
Turn   | Place    | Note
-------+----------+-------------------------------------------
     0 | D:1      | Pomfy the Gargoyle Fighter began the quest for the Orb.
     0 | D:1      | Reached XP level 1. HP: 14/14 MP: 1/1
   360 | D:1      | Reached XP level 2. HP: 10/19 MP: 2/2
   976 | D:1      | Reached XP level 3. HP: 23/23 MP: 3/3
  1483 | D:2      | Found a faded altar of an unknown god.
  1498 | D:2      | Prayed at the altar of an unknown god.
  1498 | D:2      | Became a worshipper of Makhleb the Destroyer
  1498 | D:2      | Reached * piety under Makhleb
  1636 | D:3      | Found a sparkling altar of Nemelex Xobeh.
  1713 | D:3      | Noticed Pargi
  1748 | D:3      | Killed Pargi
  1749 | D:3      | Reached XP level 4. HP: 28/29 MP: 4/4
  1749 | D:3      | Reached XP level 5. HP: 32/33 MP: 5/5
  1777 | D:3      | Found a transporter.
  1777 | D:3      | Noticed greasedhog's ghost (amateur MeBe)
  1811 | D:3      | Found a transporter.
  2063 | D:4      | Found an ancient bone altar of Kikubaaqudgha.
  2156 | D:5      | Entered Level 5 of the Dungeon
  2163 | D:5      | Noticed Ijyb
  2169 | D:5      | Killed Ijyb
  2351 | D:5      | Noticed an ice beast
  2375 | D:6      | Killed an ice beast
  2375 | D:6      | Reached ** piety under Makhleb
  2376 | D:6      | Reached XP level 6. HP: 14/38 MP: 6/6
  2906 | D:6      | Noticed a black bear
  2932 | D:6      | Noticed a black bear
  2987 | D:6      | Slain by a black bear

Illustrated notes

Levels and vault maps discovered:
D:1:      eino_arrival_water_star, layout_basic, minmay_misc_feat_tower,
          lemuel_another_geyser
D:2:      layout_basic, ebering_ecumenical_altar_hall, kennysheep_jessica_study
D:3:      layout_basic, demons_altar, mainiacjoe_overflow_tiny_flanked,
          gammafunk_ghost_smash, minmay_liquid_box, uniq_pargi, uniq_jessica
D:4:      layout_basic, mainiacjoe_overflow_chevrons, overflow_temple_1_default
D:5:      layout_basic, fountainhead, uniq_ijyb
D:6:      layout_loops_ring, minmay_temple_entry_butterflies,
          minmay_manual_mares

Skill      XL: |  1  2  3  4  5  6 |
---------------+-------------------+-----
Fighting       | 4 |  4.3
Long Blades    | 2 3 4 |  4.1
Armour         | 4 |  4.5
Maces & Flails | |  2.5
Dodging        | |  0.7
Stealth        | |  0.7
Shields        | |  3.7

Action                   |  1- 3 |  4- 6 || total
-------------------------+-------+-------++-------
Melee: Flail             |    56 |    12 ||    68
       Great sword       |    48 |    79 ||   127
  Use: Potion            |       |     1 ||     1
Armor: Scale mail        |    60 |       ||    60
       Chain mail        |    77 |   119 ||   196
Dodge: Dodged            |    87 |    45 ||   132
Block: Buckler           |    21 |       ||    21
